 Dungeon Crawl Stone Soup version 0.28-a0-987-g8383568036 (webtiles) character file.

Game seed: 6922610758629337703

38663 BinkBink the Fencer (level 13, -1/142 HPs)
             Began as a Minotaur Monk on Dec 4, 2021.
             Was the Champion of Jiyva.
             Slain by a 17-headed hydra (2 damage)
             ... on level 1 of the Lair of Beasts.
             The game lasted 00:32:41 (11097 turns).

BinkBink the Fencer (Minotaur Monk)                Turns: 11097, Time: 00:32:41

Health: -1/142     AC:  6    Str: 18    XL:     13   Next: 65%
Magic:  12/12      EV: 19    Int:  9    God:    Jiyva [******]
Gold:   453        SH: 11    Dex: 16    Spells: 12/12 levels left

rFire   + . .      SeeInvis .   A - +9 long sword of the Spider Nest {speed, *Noise rN+ Int+2}
rCold   + + .      Faith    .   h - +0 buckler
rNeg    + + .      Spirit   .   s - +0 troll leather armour
rPois   +          Reflect  .   (helmet restricted)
rElec   .          Harm     .   (no cloak)
rCorr   +          Rampage  .   (no gloves)
Will    +....      Clarity  +   (no boots)
Stlth   +++.......              (no amulet)
HPRegen 2.73/turn               x - ring "Afatusifop" {Fly rN+ Stlth+}
MPRegen 0.63/turn               y - ring of protection from fire

@: flying, studying Evocations
A: horns 2, retaliatory headbutt, large bone plates 1, clarity, cold resistance
2, strong-willed 1, poison resistance, robust 2, shaggy fur 1, tendrils, jelly
sensing items, jelly absorbing missiles, engulf
a: Renounce Religion, Oozemancy, Slimify


You were on level 1 of the Lair of Beasts.
You worshipped Jiyva.
Jiyva was exalted by your worship.
You visited 3 branches of the dungeon, and saw 15 of its levels.

You collected 600 gold pieces.
You spent 147 gold pieces at shops.

Inventory:

Hand Weapons
 A - the +9 long sword of the Spider Nest (weapon) {speed, *Noise rN+ Int+2}
   (You found it on level 11 of the Dungeon)

   Attacks with this weapon are significantly faster.
   Int:       It affects your intelligence (+2).
   rN:        It protects you from negative energy.
   *Noise:    It may make noises in combat.
 C - a +3 scimitar of flaming
Missiles
 j - 4 throwing nets (quivered)
Armour
 b - a +0 robe
 h - a +0 buckler (worn)
 s - a +0 troll leather armour (worn)
 v - a +0 plate armour
 H - the +0 cloak "Ihiduyj" {rElec Will- Regen+}
   (You found it on level 12 of the Dungeon)

   rElec:     It insulates you from electricity.
   Regen:     It increases your rate of health regeneration.
   Will:      It decreases your willpower.
Magical Staves
 f - a staff of poison
Jewellery
 x - the ring "Afatusifop" (left hand) {Fly rN+ Stlth+}
   (You found it on level 8 of the Dungeon)

   [ring of positive energy]

   rN:        It protects you from negative energy.
   Fly:       It grants you flight.
   Stlth:     It makes you more stealthy.
 y - a ring of protection from fire (right hand)
Wands
 o - a wand of digging (9)
 p - a wand of paralysis (4)
 w - a wand of flame (11)
 F - a wand of polymorph (3)
Scrolls
 a - 3 scrolls of identify
 c - 2 scrolls of enchant armour
 d - a scroll of acquirement
 i - a scroll of magic mapping
 r - a scroll of fear {unknown}
 u - a scroll of immolation
 z - a scroll of blinking {unknown}
 E - a scroll of fog {unknown}
 G - a scroll of vulnerability {unknown}
Potions
 e - 3 potions of might
 g - a potion of curing
 k - 3 potions of lignification
 l - a potion of experience
 t - a potion of cancellation {unknown}
 B - 2 potions of resistance {unknown}
 D - 2 potions of attraction {unknown}


   Skills:
 + Level 12.7 Fighting
 + Level 15.5 Long Blades
 * Level 10.6 Armour
 + Level 12.8 Dodging
 - Level 1.5 Stealth
 + Level 9.4 Shields
 + Level 0.1 Evocations


You had 12 spell levels left.
You didn't know any spells.
Your spell library contained the following spells:

 Spells                   Type           Power      Damage    Failure   Level
 Ensorcelled Hibernation  Hex/Ice        0%         N/A       56%         2
 Conjure Flame            Conj/Fire      0%         6-21      80%         3
 Ignite Poison            Fire/Tmut/Pois 0%         N/A       80%         3
 Tukima's Dance           Hex            0%         N/A       80%         3
 Sticky Flame             Conj/Fire      0%         2d3       99%         4


Dungeon Overview and Level Annotations

Branches:
Dungeon (12/15)            Temple (0/1) D:5            Lair (1/6) D:8
    Orc (2/2) D:11            Elf (0/3) Orc:2

Altars:
Elyvilon
Fedhas
Gozag
Hepliaklqana
Makhleb
Nemelex Xobeh
Okawaru
Ru
Trog
Uskayaw
Yredelemnul
Zin
Beogh
Jiyva

Shops:
D:4 *   D:6 !   D:8 [   Orc:1 (=*[   Orc:2 =:!

Annotations:
D:7 3 runed translucent doors, anet's ghost, novice GnDe
D:8 1 transporter, 1994's ghost, novice OgHu; Grum
D:12 Frances; Snorg


Innate Abilities, Weirdness & Mutations

You have a pair of horns on your head.
You reflexively headbutt those who attack you in melee.
You are partially covered in large bone plates. (SH +4)
You possess an exceptional clarity of mind.
Your flesh is very cold resistant. (rC++)
You are strong-willed. (Will+)
Your system is resistant to poisons. (rPois)
You are very robust. (+20% HP)
You are covered in fur. (AC +1)
You are covered in slimy tendrils that may disarm your opponents.
You have a small jelly attached to you that senses nearby items.
You have a small jelly attached to you that may absorb projectiles.
Your melee attacks may engulf your foes in ooze.


Message History

You hear a distant slurping noise.
There is an open door here.
You hear a distant slurping noise.
You hear a distant slurping noise.
You chop one of the 14-headed hydra's heads off!
The 13-headed hydra grows two more!
You slash the 15-headed hydra! You headbutt the 15-headed hydra.
The 15-headed hydra is heavily wounded.
You lop one of the 15-headed hydra's heads off!
The 14-headed hydra grows two more!
You slice the 16-headed hydra!!
The 16-headed hydra is severely wounded.
The 16-headed hydra completely misses you.
You block the 16-headed hydra's attack. x2
The 16-headed hydra completely misses you.
The 16-headed hydra bites you! The 16-headed hydra bites you.
The 16-headed hydra bites you! x2; You block the 16-headed hydra's attack.
The 16-headed hydra bites you! The 16-headed hydra barely misses you.
The 16-headed hydra bites you! x4; The 16-headed hydra closely misses you.
You hack one of the 16-headed hydra's heads off!
The 15-headed hydra grows two more!
You slice the 17-headed hydra!! You headbutt the 17-headed hydra!
The 17-headed hydra is almost dead.
You barely miss the 17-headed hydra. You headbutt the 17-headed hydra.
The 17-headed hydra is almost dead.
You block the 17-headed hydra's attack. The 17-headed hydra bites you!
* * * LOW HITPOINT WARNING * * *
The 17-headed hydra misses you. The 17-headed hydra bites you!
* * * LOW HITPOINT WARNING * * *
The 17-headed hydra closely misses you. The 17-headed hydra barely misses you.
The 17-headed hydra bites you!
* * * LOW HITPOINT WARNING * * *
The 17-headed hydra misses you. The 17-headed hydra closely misses you.
The 17-headed hydra bites you!
* * * LOW HITPOINT WARNING * * *
The 17-headed hydra barely misses you. The 17-headed hydra bites you.
* * * LOW HITPOINT WARNING * * *
The 17-headed hydra completely misses you.
You block the 17-headed hydra's attack. The 17-headed hydra closely misses you.
The 17-headed hydra bites you.
You die...

####'##### #
#........# +.
#..k.....#
P..###........#
#....+........#
#P.k......#
##........#
##D#+#.###
##@.### #.##
#.# ##
#####'###P#
#.........#
#.........##
#..........#
+.........##
##.........##


You could see a 17-headed hydra and a swamp drake.

Vanquished Creatures
  4 ogre magi (Orc:2)
  A hydra (D:11)
  Erica (D:11)
  A boulder beetle (D:11)
  16 two-headed ogres (Orc:2)
  Nergalle (D:11)
  An orc sorcerer (Orc:1)
  2 ugly things (D:12)
  2 cane toads (Lair:1)
  A komodo dragon (D:11)
  3 kobold demonologists (D:12)
  An ice devil (D:11)
  2 trolls
  A hornet (D:8)
  2 vampires
  2 wraiths
  A human (D:9)
  9 yaks (D:10)
  A hog (D:9)
  Eustachio (D:5)
  A steam dragon (D:7)
  2 vampire mosquitoes (D:11)
  4 water moccasins
  12 orc warriors
  An ice beast (D:5)
  A black bear (D:6)
  29 ogres
  2 centaurs (D:8)
  A kobold brigand (D:7)
  3 bullfrogs
  2 scorpions
  A wyvern zombie (D:7)
  A water moccasin zombie (D:6)
  A wyvern skeleton (D:6)
  5 killer bees (D:11)
  4 wights (D:8)
  An electric eel (D:10)
  A bullfrog zombie (D:5)
  11 orc priests
  A centaur skeleton (D:6)
  3 hounds
  A bullfrog skeleton (D:5)
  3 iguanas
  13 orc wizards
  12 gnolls
  A howler monkey zombie (D:7)
  7 adders
  2 shadow imps (D:7)
  A white imp (D:7)
  A worm (D:2)
  2 dart slugs (D:3)
  45 orcs
  4 ball pythons
  3 giant cockroaches
  5 goblins
  2 hobgoblins
  2 jackals (D:2)
  13 kobolds
  A quokka (D:3)
  2 bats
  2 frilled lizards (D:2)
  2 rats (D:3)
264 creatures vanquished.

Vanquished Creatures (collateral kills)
  A troll (D:6)
  An ogre (D:5)
  A centaur (D:5)
  An orc priest (D:4)
  2 orcs (D:4)
6 creatures vanquished.

Vanquished Creatures (others)
  A two-headed ogre (Orc:2)
  2 slime creatures (D:10)
  6 yaks (D:10)
  3 hogs (D:9)
  A steam dragon (D:6)
  An orc warrior (Orc:1)
  An ogre (D:4)
  2 centaurs
  A scorpion (Orc:1)
  A bullfrog zombie (D:6)
  3 centaur zombies
  5 orc priests
  A gnoll shaman (D:5)
  72 jellies
  5 orc wizards
  A howler monkey zombie (D:8)
  7 gnolls
  2 adders
  An adder skeleton (D:4)
  10 orcs
  3 bats (D:1)
  An endoplasm (D:1)
  A giant cockroach (D:1)
  A hobgoblin (D:1)
  2 jackals (D:3)
  A quokka (D:3)
  4 ball pythons
  A kobold (D:2)
  A rat (D:1)
  6 bushes (D:11)
  A fungus (Lair:1)
  35 plants
183 creatures vanquished.

Grand Total: 453 creatures vanquished

Notes
Turn   | Place    | Note
-------+----------+-------------------------------------------
     0 | D:1      | BinkBink the Minotaur Monk began the quest for the Orb.
     0 | D:1      | Reached XP level 1. HP: 19/19 MP: 0/0
    10 | D:1      | Found a faded altar of an unknown god.
    74 | D:1      | Prayed at the altar of an unknown god.
    74 | D:1      | Became a worshipper of Jiyva Jogouce the Shapeless
    74 | D:1      | Reached * piety under Jiyva
    74 | D:1      | Reached ** piety under Jiyva
   193 | D:1      | Reached *** piety under Jiyva
   521 | D:1      | Gained mutation: Your skin changes colour to match your
                  | surroundings (Stealth+). [Jiyva's grace]
   521 | D:1      | Gained mutation: Your skin blends seamlessly with your
                  | surroundings (Stealth++). [Jiyva's grace]
   521 | D:1      | Gained mutation: Your skin perfectly mimics your
                  | surroundings (Stealth+++). [Jiyva's grace]
   521 | D:1      | Gained mutation: You possess an exceptional clarity of
                  | mind. [Jiyva's grace]
   705 | D:2      | Reached XP level 2. HP: 24/27 MP: 1/1
   720 | D:2      | Reached skill level 4 in Long Blades
   876 | D:2      | Reached **** piety under Jiyva
  1001 | D:2      | Reached XP level 3. HP: 33/33 MP: 2/2
  1291 | D:3      | Reached XP level 4. HP: 36/41 MP: 3/3
  1451 | D:3      | Found a hazy altar of Hepliaklqana.
  1644 | D:3      | Reached ***** piety under Jiyva
  1644 | D:3      | Found a glowing silver altar of Zin.
  1786 | D:3      | Reached skill level 5 in Long Blades
  1916 | D:4      | Reached XP level 5. HP: 43/47 MP: 4/4
  1965 | D:4      | Noticed a water moccasin
  1971 | D:4      | Reached skill level 5 in Fighting
  1980 | D:4      | Killed a water moccasin
  1981 | D:4      | Reached skill level 6 in Long Blades
  1981 | D:4      | Reached XP level 6. HP: 56/56 MP: 5/5
  2073 | D:4      | Lost mutation: Your skin perfectly mimics your surroundings
                  | (Stealth+++). [Jiyva's grace]
  2073 | D:4      | Lost mutation: Your skin blends seamlessly with your
                  | surroundings (Stealth++). [Jiyva's grace]
  2073 | D:4      | Lost mutation: You possess an exceptional clarity of mind.
                  | [Jiyva's grace]
  2073 | D:4      | Gained mutation: You have a small jelly attached to you
                  | that senses nearby items. [Jiyva's grace]
  2073 | D:4      | Gained mutation: You have supernaturally acute eyesight.
                  | (SInv) [Jiyva's grace]
  2073 | D:4      | Gained mutation: You are partially covered in large bone
                  | plates. (SH +4) [Jiyva's grace]
  2073 | D:4      | Gained mutation: You are mostly covered in large bone
                  | plates. (SH +6) [Jiyva's grace]
  2077 | D:4      | Found Peit's Mayhem Merchandise.
  2103 | D:4      | Reached skill level 5 in Dodging
  2684 | D:5      | Entered Level 5 of the Dungeon
  2684 | D:5      | Found a burning altar of Makhleb.
  2687 | D:5      | Reached skill level 7 in Long Blades
  2700 | D:5      | Found a hide-covered altar of Uskayaw.
  2702 | D:5      | Found a sparkling altar of Nemelex Xobeh.
  2717 | D:5      | Reached XP level 7. HP: 62/62 MP: 6/6
  2762 | D:5      | Noticed Eustachio
  3011 | D:5      | Reached skill level 1 in Shields
  3115 | D:5      | Killed Eustachio
  3116 | D:5      | Reached skill level 8 in Long Blades
  3211 | D:5      | Reached ****** piety under Jiyva
  3269 | D:5      | Found a staircase to the Ecumenical Temple.
  3460 | D:6      | Reached XP level 8. HP: 71/71 MP: 7/7
  3462 | D:6      | Lost mutation: You have a small jelly attached to you that
                  | senses nearby items. [Jiyva's grace]
  3462 | D:6      | Gained mutation: You are covered in fur. (AC +1) [Jiyva's
                  | grace]
  3462 | D:6      | Gained mutation: You are covered in thick fur. (AC +2)
                  | [Jiyva's grace]
  3462 | D:6      | Gained mutation: Your thick and shaggy fur keeps you warm.
                  | (AC +3, rC+) [Jiyva's grace]
  3462 | D:6      | Gained mutation: Your spells are a little harder to cast,
                  | but a little more powerful. [Jiyva's grace]
  3513 | D:6      | Noticed a troll
  3628 | D:6      | Reached skill level 1 in Armour
  3715 | D:6      | Reached skill level 9 in Long Blades
  3800 | D:6      | You fall into a shaft and drop 1 floor!
  3804 | D:7      | Found an iron altar of Okawaru.
  3913 | D:6      | Found Izyralasch's Distillery.
  3920 | D:6      | Bought a potion of lignification for 30 gold pieces
  3920 | D:6      | Bought a potion of curing for 30 gold pieces
  4058 | D:6      | Killed a troll
  4315 | D:7      | Found a white marble altar of Elyvilon.
  4563 | D:7      | Reached skill level 10 in Long Blades
  4565 | D:7      | Reached XP level 9. HP: 73/79 MP: 8/8
  4654 | D:7      | Found a runed translucent gate.
  4655 | D:7      | Found a runed translucent gate.
  4656 | D:7      | Found a runed translucent gate.
  4658 | D:7      | Found an opulent altar of Gozag.
  4658 | D:7      | Noticed a cyclops
  4659 | D:7      | Noticed anet's ghost (novice GnDe)
  4841 | D:8      | Identified a scroll of acquirement
  4873 | D:8      | Identified the +7 trident "Pewaant" {venom, Fragile +Blink
                  | Will+ Dex+3}
  4894 | D:8      | Noticed Grum
  4909 | D:8      | Found a transporter.
  4909 | D:8      | Found a transporter.
  4952 | D:8      | Identified the ring "Afatusifop" {Fly rN+ Stlth+}
  5040 | D:8      | Found Vigaun Xiokk's Antique Armour Emporium.
  5064 | D:8      | Found a staircase to the Lair.
  5075 | D:8      | Found a bloodstained altar of Trog.
  5205 | D:8      | Lost mutation: You are mostly covered in large bone plates.
                  | (SH +6) [Jiyva's grace]
  5205 | D:8      | Lost mutation: Your skin changes colour to match your
                  | surroundings (Stealth+). [Jiyva's grace]
  5205 | D:8      | Lost mutation: Your spells are a little harder to cast, but
                  | a little more powerful. [Jiyva's grace]
  5205 | D:8      | Gained mutation: You are covered in slimy tendrils that may
                  | disarm your opponents. [Jiyva's grace]
  5205 | D:8      | Gained mutation: You are robust. (+10% HP) [Jiyva's grace]
  5205 | D:8      | Gained mutation: You are very robust. (+20% HP) [Jiyva's
                  | grace]
  5205 | D:8      | Gained mutation: You are extremely robust. (+30% HP)
                  | [Jiyva's grace]
  5307 | D:8      | Found a blossoming altar of Fedhas.
  5640 | D:9      | Noticed a troll
  5792 | D:9      | Killed a troll
  5812 | D:9      | Found a sacrificial altar of Ru.
  6041 | D:9      | Reached skill level 11 in Long Blades
  6041 | D:9      | Reached skill level 5 in Shields
  6057 | D:9      | Reached skill level 5 in Armour
  6517 | D:10     | Entered Level 10 of the Dungeon
  6564 | D:10     | Reached XP level 10. HP: 117/117 MP: 9/9
  6931 | D:10     | Reached skill level 12 in Long Blades
  6950 | D:10     | Found a basalt altar of Yredelemnul.
  7148 | D:8      | Identified the amulet of Conformity {Spirit Rampage}
  7227 | D:11     | Noticed Erica
  7240 | D:11     | Killed Erica
  7273 | D:11     | Lost mutation: You are extremely robust. (+30% HP) [Jiyva's
                  | grace]
  7273 | D:11     | Lost mutation: Your thick and shaggy fur keeps you warm.
                  | (AC +3, rC+) [Jiyva's grace]
  7273 | D:11     | Gained mutation: Your system is resistant to poisons.
                  | (rPois) [Jiyva's grace]
  7273 | D:11     | Gained mutation: You have a small jelly attached to you
                  | that may absorb projectiles. [Jiyva's grace]
  7273 | D:11     | Gained mutation: You have a small jelly attached to you
                  | that senses nearby items. [Jiyva's grace]
  7273 | D:11     | Gained mutation: You are strong-willed. (Will+) [Jiyva's
                  | grace]
  7277 | D:11     | Noticed a boulder beetle
  7329 | D:11     | Killed a boulder beetle
  7431 | D:11     | Identified the +9 long sword of the Spider Nest {speed,
                  | *Noise rN+ Int+2}
  7501 | D:11     | Noticed Nergalle
  7515 | D:11     | Killed Nergalle
  7552 | D:11     | Found a staircase to the Orcish Mines.
  7743 | D:11     | Found a blossoming altar of Fedhas.
  7745 | D:11     | Noticed a six-headed hydra
  7867 | D:11     | Killed a 20-headed hydra
  7868 | D:11     | Reached skill level 13 in Long Blades
  7868 | D:11     | Reached XP level 11. HP: 118/118 MP: 10/10
  8287 | D:12     | Noticed a white ugly thing
  8474 | D:8      | Noticed 1994's ghost (novice OgHu)
  8830 | D:12     | Reached skill level 10 in Fighting
  8944 | D:12     | Identified the +0 cloak "Ihiduyj" {rElec Will- Regen+}
  8947 | D:12     | Noticed Snorg
  9110 | D:12     | Noticed a purple ugly thing
  9126 | D:12     | Killed a purple ugly thing
  9133 | D:12     | Killed a white ugly thing
  9167 | D:12     | Noticed Frances
  9168 | D:12     | Noticed a sun demon
  9245 | Orc:1    | Entered Level 1 of the Orcish Mines
  9316 | Orc:1    | Found Coublak's Weapon Shop.
  9350 | Orc:1    | Found Tuqumn's Assorted Antiques.
  9355 | Orc:1    | Bought a scroll of identify for 60 gold pieces
  9355 | Orc:1    | Bought a coppery potion for 27 gold pieces
  9358 | Orc:1    | Found Douhatz's Armour Shop.
  9460 | Orc:1    | Noticed an orc sorcerer
  9467 | Orc:1    | Noticed a sun demon
  9508 | Orc:1    | Killed an orc sorcerer
  9580 | Orc:1    | Found Xizour's Jewellery Emporium.
  9754 | Orc:1    | Found a bloodstained altar of Trog.
  9801 | Orc:2    | Entered Level 2 of the Orcish Mines
  9867 | Orc:2    | Noticed a two-headed ogre
  9905 | Orc:2    | Found a staircase to the Elven Halls.
  9907 | Orc:2    | Lost mutation: You have supernaturally acute eyesight.
                  | (SInv) [Jiyva's grace]
  9907 | Orc:2    | Lost mutation: You are covered in thick fur. (AC +2)
                  | [Jiyva's grace]
  9907 | Orc:2    | Gained mutation: You possess an exceptional clarity of
                  | mind. [Jiyva's grace]
  9907 | Orc:2    | Gained mutation: Your melee attacks may engulf your foes in
                  | ooze. [Jiyva's grace]
  9907 | Orc:2    | Gained mutation: Your flesh is cold resistant. (rC+)
                  | [Jiyva's grace]
  9907 | Orc:2    | Gained mutation: Your flesh is very cold resistant. (rC++)
                  | [Jiyva's grace]
  9974 | Orc:2    | Noticed a two-headed ogre
 10020 | Orc:2    | Killed a two-headed ogre
 10021 | Orc:2    | Reached skill level 14 in Long Blades
 10030 | Orc:2    | Noticed a two-headed ogre
 10054 | Orc:2    | Killed a two-headed ogre
 10080 | Orc:2    | Noticed a two-headed ogre
 10087 | Orc:2    | Killed a two-headed ogre
 10095 | Orc:2    | Noticed a two-headed ogre
 10095 | Orc:2    | Noticed a two-headed ogre
 10124 | Orc:2    | Killed a two-headed ogre
 10132 | Orc:2    | Killed a two-headed ogre
 10139 | Orc:2    | Reached XP level 12. HP: 70/132 MP: 11/11
 10165 | Orc:2    | Noticed a two-headed ogre
 10166 | Orc:2    | Noticed a two-headed ogre
 10195 | Orc:2    | Killed a two-headed ogre
 10197 | Orc:2    | Noticed a two-headed ogre
 10197 | Orc:2    | Noticed an ogre mage
 10199 | Orc:2    | Noticed a two-headed ogre
 10206 | Orc:2    | Noticed a two-headed ogre
 10206 | Orc:2    | Noticed a two-headed ogre
 10206 | Orc:2    | Noticed an ogre mage
 10208 | Orc:2    | Found a gate leading to a gauntlet.
 10224 | Orc:2    | Noticed a two-headed ogre
 10228 | Orc:2    | Noticed an ogre mage
 10234 | Orc:2    | Reached XP level 13. HP: 35/139 MP: 12/12
 10326 | Orc:2    | Reached skill level 15 in Long Blades
 10379 | Orc:2    | Reached skill level 10 in Armour
 10411 | Orc:2    | Found Elyuck Kepe's Antique Weapon Shop.
 10411 | Orc:2    | Found Coizuo Ufiwn's Book Emporium.
 10412 | Orc:2    | Found Inneyvas's Distillery.
 10412 | Orc:2    | Found Hehymic's Jewellery Boutique.
 10853 | Lair:1   | Entered Level 1 of the Lair of Beasts
 11097 | Lair:1   | HP: 3/142 [17-headed hydra (12)]
 11097 | Lair:1   | HP: 1/142 [17-headed hydra (2)]
 11097 | Lair:1   | Slain by a 17-headed hydra

Illustrated notes

Levels and vault maps discovered:
D:1:      dpeg_arrival_tiny_d, layout_loops_ring,
          hellmonk_ecumenical_altar_pennies_from_heaven, serial_forest,
          infiniplex_forest_clump_long, infiniplex_forest_zigzag_2,
          infiniplex_forest_straight_2, infiniplex_forest_lined_corner,
          infiniplex_forest_zigzag_1, infiniplex_forest_fountain,
          infiniplex_forest_lined_room_
D:2:      layout_basic, minmay_tetromino_i4
D:3:      layout_rooms, nicolae_hepliaklqana_hazy_memory,
          mainiacjoe_overflow_chevrons, nrook_mini_vaults,
          minmay_fractal_squares_diagonal_5
D:4:      layout_basic, minmay_shop_mayhem, st_stairs_9
D:5:      layout_cave_pools, grunt_temple_overflow_open,
          minmay_temple_entry_hall, uniq_eustachio
D:6:      layout_cave_pods, serial_shops, shop, minmay_manual_mess
D:7:      layout_cave_pools, elyvilon_altar_3, nicolae_overflow_crystal_walls,
          ebering_ghost_gozag, grunt_ministairs_15
D:8:      layout_loops_ring, mainiacjoe_overflow_small_starburst,
          mainiacjoe_overflow_brackets, lair_entry_dummy, serial_shops,
          kennysheep_mini, gammafunk_ghost_gnarly_gnolls,
          minmay_misc_feat_rugged, serial_bayou_pond_c, nrook_loot_triangle,
          minmay_misc_feat_four_crosses
D:9:      layout_loops_ring, amcnicky_altar_gilded, grunt_livestock
D:10:     layout_basic, marbit_many_paths, chequers_serial_rivers_small_a,
          skrybe_limestone_x
D:11:     layout_loops_ring, orc_0_dummy, portal_ice_cave_demonic_guard,
          fedhas_bush_and_centaur_altar, uniq_nergalle, uniq_erica
D:12:     layout_grid_maze, slow_altar_2, uniq_urug, uniq_snorg, uniq_frances
Lair:1:   layout_roguey, chequers_serial_rivers_micro_e, pond,
          grunt_megastairs_2, lemuel_fruit_fields
Orc:1:    layout_caves, serial_shops, nicolae_shop_waterfront,
          nicolae_shop_hallway_plus, shop_fountains, nicolae_shop_stone,
          basic_altar, trog_butcher_becter
Orc:2:    st_orc_ogre_mass, layout_caves, gauntlet_entry_generic

Skill      XL: |  1  2  3  4  5  6  7  8  9 10 11 12 13 |
---------------+----------------------------------------+-----
Fighting       | 4 5 6 7 8 9 11 12 | 12.7
Long Blades    | 4 5 6 7 8 10 11 13 14 15 | 15.5
Dodging        | 4 5 6 7 8 12 | 12.8
Shields        | 1 3 5 6 8 9 |  9.4
Armour         | 3 5 7 9 10 | 10.6
Stealth        | |  1.5
Evocations     | |  0.1

Action                   |  1- 3 |  4- 6 |  7- 9 | 10-12 | 13-15 || total
-------------------------+-------+-------+-------+-------+-------++-------
Melee: Falchion          |    50 |   119 |   358 |   129 |       ||   656
       Headbutt          |     8 |    24 |    87 |    98 |    39 ||   256
       Long sword        |       |       |       |   288 |   158 ||   446
       Scimitar          |       |       |       |    37 |       ||    37
Evoke: Wand              |       |       |       |     2 |       ||     2
  Use: Scroll            |       |       |     7 |     7 |       ||    14
       Potion            |       |       |     1 |     3 |       ||     4
 Stab: Sleeping          |     7 |     9 |     7 |     1 |     2 ||    26
       Distracted        |       |       |     1 |     1 |     1 ||     3
       Paralysed         |       |       |       |     8 |       ||     8
Armor: Robe              |     6 |     9 |    10 |       |       ||    25
       Troll leather arm |       |       |    38 |    34 |     9 ||    81
Dodge: Dodged            |    39 |    61 |   161 |   162 |    59 ||   482
Block: Other             |       |    13 |     9 |       |       ||    22
       Buckler           |       |       |   133 |   141 |    58 ||   332

Table legend: (Time is in decaauts)
 A = Elapsed time spent in this place.
 B = Non-inter-level travel time spent in this place.
 C = Inter-level travel time spent in this place.
 D = Time resting spent in this place.
 E = Time spent auto-exploring this place.
 F = Levels seen in this place.
 G = Mean time per level.
                   A        B        C        D        E       F      G
               +--------+--------+--------+--------+--------+-----+--------+
         Total |  10798 |   9664 |   1134 |      0 |   6987 |  15 |  719.9 |
       Dungeon |   9213 |   8204 |   1009 |      0 |   6227 |  12 |  767.8 |
          Lair |    228 |    228 |      0 |      0 |    139 |   1 |  228.0 |
  Orcish Mines |   1356 |   1232 |    124 |      0 |    620 |   2 |  678.0 |
               +--------+--------+--------+--------+--------+-----+--------+

Top non-repeatable levels by time:
    D:11: 1170 daAuts
     D:8: 1089 daAuts
     D:6: 887 daAuts
     D:4: 871 daAuts
     D:9: 851 daAuts
   Orc:2: 717 daAuts
     D:1: 698 daAuts
     D:3: 647 daAuts
   Orc:1: 639 daAuts
    D:10: 621 daAuts
     D:7: 606 daAuts
     D:5: 594 daAuts
    D:12: 590 daAuts
     D:2: 585 daAuts
  Lair:1: 228 daAuts
